 Dungeon Crawl Stone Soup version 0.25-b1-37-g2669288c55 (webtiles) character file.

Game seed: 13201804676599210483

53 Gabide the Cudgeler (level 4, -9/35 HPs)
             Began as a Human Chaos Knight on June 4, 2020.
             Was a Plaything of Xom.
             Mangled by a sun demon (15 damage)
             ... summoned by Xom
             ... on level 2 of the Dungeon.
             The game lasted 00:03:11 (1871 turns).

Gabide the Cudgeler (Human Chaos Knight)            Turns: 1871, Time: 00:03:20

Health: -9/35      AC:  3    Str: 13    XL:     4   Next: 10%
Magic:  4/4        EV: 11    Int: 12    God:    Xom [......]
Gold:   111        SH:  0    Dex: 13    Spells: 3/3 levels left

rFire    . . .     SeeInvis .   a - +0 mace (chaos)
rCold    + + .     Gourm    .   (no shield)
rNeg     . . .     Faith    .   b - +2 leather armour
rPois    .         Spirit   .   (no helmet)
rElec    .         Reflect  .   (no cloak)
rCorr    .         Harm     .   (no gloves)
MR       .....                  (no boots)
Stlth    ++........             (no amulet)
HPRegen  0.11/turn              (no ring)
MPRegen  0.09/turn              (no ring)

@: no status effects
A: camouflage 1, blink, cold resistance 2, deformed body, high mp 1
a: Blink, Renounce Religion


You were on level 2 of the Dungeon.
You worshipped Xom.
You were a very special plaything of Xom.
You were not hungry.

You visited 1 branch of the dungeon, and saw 2 of its levels.

You collected 111 gold pieces.

Inventory:

Hand Weapons
 a - a +0 mace of chaos (weapon)
Armour
 b - a +2 leather armour (worn)
Scrolls
 e - 2 scrolls of identify {unknown}
 f - 2 scrolls of teleportation {unknown}
 i - 2 scrolls of enchant weapon {unknown}
Potions
 d - a potion of lignification {unknown}
 h - 2 potions of brilliance {unknown}
Comestibles
 c - 4 rations


   Skills:
 + Level 3.5 Fighting
 * Level 4.0 Maces & Flails
 + Level 2.2 Armour
 + Level 1.2 Dodging


You had 3 spell levels left.
You didn't know any spells.
Your spell library was empty.

Dungeon Overview and Level Annotations

Branches:
Dungeon (2/15)

Altars:

Annotations:
D:2 1 runed translucent door, Crazy Yiuf


Innate Abilities, Weirdness & Mutations

Your skin changes colour to match your surroundings (Stealth+).
You can translocate small distances at will.
Your flesh is very cold resistant. (rC++)
Armour fits poorly on your strangely shaped body.
You have an increased reservoir of magic. (+10% MP)


Message History

Eating one of 5 chunks of flesh.
You eat one of the 5 chunks of flesh.
This raw flesh tastes terrible.
The leopard gecko is too close now for your liking.
Unknown command.
You start resting.
Some of the chunks of flesh in your inventory have rotted away. x2
You are now a special plaything of Xom.
The leopard gecko is too close now for your liking.
The leopard gecko hisses angrily. "Time to have some fun!"
You are now a very special plaything of Xom.
The leopard gecko misses you.
All of the chunks of flesh in your inventory have rotted away.
Your leather armour prevents you from hitting the sun demon.
The leopard gecko barely misses you. The sun demon hits you!!
Ouch! That really hurt!
* * * LOW HITPOINT WARNING * * *
A shower of butterflies erupts from you!
You are engulfed in flames!
You die...

#.##.÷..# ##.####. #
#.......###.).###.
#.##.##.)..##.....##.
#....................
####.#####.##.....###
#.# #..##...## #b#
##.###.## #3##
###.###.# ### #@5#
#.......# ♣♣#..)#
#######l# #.#.#####
♣♣♣.+...# #....>.5#
#.#.# ♣..♣#...#
######..# #.#.# .♣♣♣
### #.......# #.#.#
♣♣ ######..# #.#.#
#..###.#.# #........#
#..###.###


You could see a sun demon (summoned), an iron imp (summoned), a white imp
(summoned) and a leopard gecko.

Vanquished Creatures
  2 worms (D:2)
  3 leopard geckos
  3 bats
  A giant cockroach (D:1)
  8 goblins
  5 hobgoblins
  4 kobolds
  2 frilled lizards (D:1)
  7 rats
35 creatures vanquished.

Vanquished Creatures (others)
  A gnoll (D:1)
1 creature vanquished.

Grand Total: 36 creatures vanquished

Notes
Turn   | Place    | Note
-------+----------+-------------------------------------------
     0 | D:1      | Gabide the Human Chaos Knight began the quest for the Orb.
     0 | D:1      | Reached XP level 1. HP: 18/18 MP: 1/1
    85 | D:1      | XOM: potion effect (berserk rage)
   145 | D:1      | Reached XP level 2. HP: 19/24 MP: 2/2
   273 | D:1      | XOM: silly message
   478 | D:1      | Reached XP level 3. HP: 24/29 MP: 3/3
   839 | D:1      | You fall into a shaft and drop 1 floor!
   839 | D:2      | XOM: noise
  1093 | D:2      | XOM: give mutations
  1093 | D:2      | Gained mutation: Your flesh is cold resistant. (rC+) [Xom's
                  | mischief]
  1093 | D:2      | Gained mutation: Armour fits poorly on your strangely
                  | shaped body. [Xom's mischief]
  1101 | D:2      | Found a runed translucent door.
  1102 | D:2      | Noticed Crazy Yiuf
  1171 | D:2      | XOM: 1-stop teleportation journey
  1372 | D:2      | XOM: give mutations
  1372 | D:2      | Gained mutation: You have an increased reservoir of magic.
                  | (+10% MP) [Xom's grace]
  1372 | D:2      | Gained mutation: Your skin changes colour to match your
                  | surroundings (Stealth+). [Xom's grace]
  1372 | D:2      | Gained mutation: You can translocate small distances at
                  | will. [Xom's grace]
  1372 | D:2      | Gained mutation: Your flesh is very cold resistant. (rC++)
                  | [Xom's grace]
  1372 | D:2      | XOM: butterfly on damage
  1581 | D:2      | Reached skill level 4 in Maces & Flails
  1581 | D:2      | Reached XP level 4. HP: 35/35 MP: 4/4
  1643 | D:2      | XOM: god gift: 28 gold pieces
  1870 | D:2      | XOM: summons 3 hostile demons
  1871 | D:2      | Noticed a sun demon
  1871 | D:2      | XOM: butterfly on damage
  1871 | D:2      | Mangled by a sun demon

Illustrated notes

Levels and vault maps discovered:
D:1:      sevenhm_arrival_forest_fort_small_5, layout_basic
D:2:      layout_loops_ring, uniq_crazy_yiuf_cottage

Skill      XL: |  1  2  3 |
---------------+----------+-----
Maces & Flails | 4 |  4.0
Fighting       | |  3.5
Armour         | |  2.2
Dodging        | |  1.2

Action                   |  1- 3 |  4- 6 || total
-------------------------+-------+-------++-------
Melee: Mace              |    77 |    21 ||    98
  Eat: Chunk             |     2 |     1 ||     3
Armor: Leather armour    |    20 |     8 ||    28
Dodge: Dodged            |    41 |    14 ||    55
